 Dungeon Crawl Stone Soup version 0.28.0-47-ge53b351184 (webtiles) character file.

Game seed: 10901458994815275460

93 terff the Chopper (level 4, -3/61 HPs)
             Began as a Hill Orc Monk on Apr 30, 2022.
             Slain by a black bear (4 damage)
             ... on level 3 of the Dungeon.
             The game lasted 00:03:43 (2160 turns).

terff the Chopper (Hill Orc Monk)                   Turns: 2160, Time: 00:03:43

Health: -3/61      AC: 22    Str: 13    XL:     4   Next: 62%
Magic:  4/4        EV:  2    Int: 10    God:
Gold:   129        SH:  0    Dex: 15    Spells: 3/3 levels left

rFire   . . .      SeeInvis .   a - +0 hand axe
rCold   . . .      Faith    .   (no shield)
rNeg    . . .      Spirit   .   (armour currently unavailable)
rPois   +          Reflect  .   (helmet currently unavailable)
rElec   .          Harm     .   (cloak currently unavailable)
rCorr   .          Rampage  .   (gloves currently unavailable)
Will    .....      NoTele   +   (boots currently unavailable)
Stlth   ++........              h - amulet of the acrobat
HPRegen 0.20/turn               (no ring)
MPRegen 0.09/turn               (no ring)

@: tree-form, attractive
A: stationary, stasis, torment immunity, boosted hp
a: no special abilities


You were on level 3 of the Dungeon.
You were a tree.
You visited 1 branch of the dungeon, and saw 3 of its levels.

You collected 129 gold pieces.

Inventory:

Hand Weapons
 a - a +0 hand axe (weapon)
Armour
 c - a +0 pair of gloves (melded)
 d - a +0 pair of boots (melded)
 g - a +0 helmet (melded)
 i - a +0 chain mail (melded)
Jewellery
 h - an amulet of the acrobat (around neck)


   Skills:
 + Level 4.4 Fighting
 + Level 4.9 Axes
 + Level 0.3 Armour
 + Level 3.2 Dodging
 + Level 1.9 Stealth


You had 3 spell levels left.
You didn't know any spells.
Your spell library was empty.

Dungeon Overview and Level Annotations

Branches:
Dungeon (3/15)

Altars:


Message History

The black bear is severely wounded.
You miss something.
The black bear bites you but does no damage.
The black bear claws you but does no damage. x2
The black bear bites you but does no damage.
The black bear claws you but does no damage. x2
Something hits you.
* * * LOW HITPOINT WARNING * * *
Something shocks you.
* * * LOW HITPOINT WARNING * * *
You hit the black bear but do no damage.
The black bear is severely wounded.
You hit something but do no damage.
The black bear bites you but does no damage.
The black bear claws you but does no damage. x2
Something hits you.
* * * LOW HITPOINT WARNING * * *
Something shocks you.
* * * LOW HITPOINT WARNING * * *
You hit the black bear but do no damage.
The black bear is severely wounded.
You miss something. The black bear barely misses you.
The black bear claws you but does no damage. x2
The black bear bites you but does no damage.
The black bear claws you but does no damage.
The black bear claws you.
* * * LOW HITPOINT WARNING * * *
Something hits you but does no damage.
You hit the black bear.
The black bear is almost dead.
You hit something but do no damage. The black bear bites you.
* * * LOW HITPOINT WARNING * * *
The black bear claws you but does no damage. x2
Something hits you but does no damage.
The black bear bites you but does no damage.
The black bear claws you but does no damage. x2
It was a potion of attraction.
You feel attractive to monsters. The black bear bites you.
You die...

... #..# .....#..#
.....#..# ........#
........####
...........#
......#.##.####
#...)♣h...<#
#...#..{##.########
........#.........#
#.=....#.).......#
..#....>#.........#
#..............####
...#...........#
........?......#
............#


You could see a black bear (berserk).

Vanquished Creatures
  A gnoll (D:1)
  2 adders (D:2)
  2 worms
  3 dart slugs
  5 ball pythons
  5 bats
  8 endoplasms
  A giant cockroach (D:2)
  4 goblins
  5 hobgoblins (D:1)
  2 quokkas (D:1)
  2 frilled lizards
  4 kobolds
  6 rats
50 creatures vanquished.

Notes
Turn   | Place    | Note
-------+----------+-------------------------------------------
     0 | D:1      | terff the Hill Orc Monk began the quest for the Orb.
     0 | D:1      | Reached XP level 1. HP: 19/19 MP: 1/1
   284 | D:1      | Reached XP level 2. HP: 25/27 MP: 2/2
   735 | D:1      | Reached XP level 3. HP: 28/33 MP: 3/3
  1318 | D:2      | Reached XP level 4. HP: 35/41 MP: 4/4
  2114 | D:3      | Noticed a black bear
  2143 | D:3      | Noticed a sky beast
  2158 | D:3      | HP: 3/61 [black bear (1)]
  2159 | D:3      | HP: 1/61 [black bear (2)]
  2160 | D:3      | Slain by a black bear

Illustrated notes

Levels and vault maps discovered:
D:1:      erik_arrival_orb_chamber, layout_loops_cross
D:2:      layout_loops_cross
D:3:      layout_basic, minmay_increasing_density

Skill      XL: |  1  2  3 |
---------------+----------+-----
Fighting       | 4 |  4.4
Dodging        | 3 |  3.2
Axes           | |  4.9
Armour         | |  0.3
Stealth        | |  1.9

Action                   |  1- 3 |  4- 6 || total
-------------------------+-------+-------++-------
Melee: Hand axe          |    87 |    85 ||   172
       Punch             |     1 |     1 ||     2
  Use: Potion            |     1 |     3 ||     4
       Scroll            |     2 |       ||     2
 Stab: Sleeping          |     3 |     1 ||     4
Armor: Robe              |    33 |     1 ||    34
       Skin              |       |    78 ||    78
       Chain mail        |       |    29 ||    29
       Leather armour    |       |    10 ||    10
Dodge: Dodged            |    79 |    41 ||   120
